 Dungeon Crawl Stone Soup version 0.29-a0-451-gfbfa42419e (webtiles) character file.

Game seed: 17716111495242069321

140 Impy the Shooter (level 5, -4/41 HPs)
             Began as a Demonspawn Hunter on May 19, 2022.
             Killed by nerve-wracking pain
             ... invoked by Grinder
              (8 damage)
             ... on level 3 of the Dungeon.
             The game lasted 00:04:35 (1960 turns).

Impy the Shooter (Demonspawn Hunter)                Turns: 1960, Time: 00:04:36

Health: -4/41      AC:  5    Str: 11    XL:     5   Next: 2%
Magic:  5/5        EV: 13    Int: 10    God:
Gold:   141        SH:  0    Dex: 19    Spells: 4/4 levels left

rFire   . . .      SeeInvis .   a - +1 shortbow
rCold   . . .      Faith    .   (shield currently unavailable)
rNeg    . . .      Spirit   .   b - +1 leather armour
rPois   .          Reflect  .   (helmet restricted)
rElec   .          Harm     .   (no cloak)
rCorr   .          Rampage  .   (no gloves)
Will    .....                   (no boots)
Stlth   ++........              (no amulet)
HPRegen 0.13/turn               (no ring)
MPRegen 0.18/turn               (no ring)

@: no status effects
A: antennae 1, powered by pain 1, magic regeneration, sharp scales 1
a: no special abilities


You were on level 3 of the Dungeon.
You visited 1 branch of the dungeon, and saw 3 of its levels.

You collected 141 gold pieces.

Inventory:

Hand Weapons
 a - a +1 shortbow (weapon)
Armour
 b - a +1 leather armour (worn)
Jewellery
 d - a ring of ice
Scrolls
 c - 2 scrolls of immolation
 e - a scroll of identify
 g - a scroll of enchant armour


   Skills:
 + Level 3.4 Fighting
 + Level 4.4 Bows
 + Level 3.0 Dodging
 - Level 0.8 Stealth


You had 4 spell levels left.
You didn't know any spells.
Your spell library contained the following spells:

 Spells                   Type           Power      Damage    Failure   Level
 Call Canine Familiar     Summ           0%         N/A       83%         3
 Portal Projectile        Hex/Tloc       0%         N/A       83%         3
 Leda's Liquefaction      Hex/Erth       0%         N/A       99%         4


Dungeon Overview and Level Annotations

Branches:
Dungeon (3/15)

Altars:

Annotations:
D:3 Grinder


Innate Abilities, Weirdness & Mutations

You have a pair of small antennae on your head.
You sometimes gain a little power by taking damage.
You regenerate magic rapidly.
You are partially covered in razor-sharp scales. (AC +1, Slay +1)


Message History

You shoot an arrow. The arrow hits Grinder.
Grinder is moderately wounded.
Grinder gestures at you.
You shrug off the repeated paralysis!
Grinder hits you.
Shoot: a) +1 shortbow
Press: ? - help, Shift-Dir - straight line, f/p - Grinder
Aim: Grinder (moderately wounded, 63% to hit)
You shoot an arrow. The arrow hits Grinder!
Grinder is severely wounded.
Grinder hits you.
You writhe in agony.
Shoot: a) +1 shortbow
Press: ? - help, Shift-Dir - straight line, f/p - Grinder
Aim: Grinder (severely wounded, 63% to hit)
You shoot an arrow. The arrow hits Grinder!
Grinder is almost dead.
Grinder gestures at you. Pain shoots through your body!
* * * LOW HITPOINT WARNING * * *
The giant cockroach bites you but does no damage.
Grinder hits you.
* * * LOW HITPOINT WARNING * * *
You writhe in agony.
* * * LOW HITPOINT WARNING * * *
Shoot: a) +1 shortbow
Press: ? - help, Shift-Dir - straight line, f/p - Grinder
Aim: Grinder (almost dead, 63% to hit)
You shoot an arrow. The arrow hits Grinder.
Grinder is almost dead.
The giant cockroach barely misses you. Grinder misses you.
The giant cockroach barely misses you.
Unknown command.
Shoot: a) +1 shortbow
Press: ? - help, Shift-Dir - straight line, f/p - Grinder
Aim: Grinder (almost dead, 63% to hit)
You shoot an arrow.
The arrow hits Grinder but does no damage.
Grinder is almost dead.
Grinder gestures at you. Pain shoots through your body!
You die...

##.. ##.....##(.
...#...##.#######.
.)........ #. ..........
#. ........#.## #.
#.....#....## ##.
##...#..##...###..
###B...............#
#.5@.######.#..##..#
.......#.#......#....#.#
.......#...P....#....###
.......#.#...†..+....#
.......#.#...........#
.......#...P....P....#
.......#.#...P..#....#
.......#.########....#
#.. .....#


You could see Grinder and a giant cockroach.

Vanquished Creatures
  Terence (D:2)
  5 adders (D:2)
  A worm (D:2)
  2 dart slugs (D:2)
  4 ball pythons
  4 endoplasms
  3 giant cockroaches
  9 goblins
  9 hobgoblins
  3 kobolds (D:1)
  5 quokkas
  3 bats
  3 frilled lizards
  7 rats
59 creatures vanquished.

Vanquished Creatures (others)
  A plant (D:1)
1 creature vanquished.

Grand Total: 60 creatures vanquished

Notes
Turn   | Place    | Note
-------+----------+-------------------------------------------
     0 | D:1      | Impy the Demonspawn Hunter began the quest for the Orb.
     0 | D:1      | Reached XP level 1. HP: 16/16 MP: 1/1
   156 | D:1      | Gained mutation: You have a pair of small antennae on your
                  | head. [demonic ancestry]
   156 | D:1      | Reached XP level 2. HP: 20/22 MP: 2/2
   701 | D:1      | Gained mutation: You regenerate magic rapidly. [demonic
                  | ancestry]
   701 | D:1      | Reached XP level 3. HP: 28/28 MP: 3/3
  1047 | D:2      | Reached skill level 4 in Bows
  1111 | D:2      | Found a faded altar of an unknown god.
  1222 | D:2      | Noticed Terence
  1232 | D:2      | Killed Terence
  1233 | D:2      | Gained mutation: You are partially covered in razor-sharp
                  | scales. (AC +1, Slay +1) [demonic ancestry]
  1233 | D:2      | Reached XP level 4. HP: 17/35 MP: 4/4
  1902 | D:3      | Gained mutation: You sometimes gain a little power by
                  | taking damage. [demonic ancestry]
  1902 | D:3      | Reached XP level 5. HP: 41/41 MP: 5/5
  1939 | D:3      | Noticed Grinder
  1952 | D:3      | Paralysed by Grinder for 4 turns
  1960 | D:3      | Killed from afar by Grinder

Illustrated notes

Levels and vault maps discovered:
D:1:      elethiomel_arrival_quiet, layout_rooms, serial_curves, eino_curves_03,
          eino_curves_02, minmay_shallow_snake_nest
D:2:      layout_basic, basic_ecumenical_altar, minmay_fountain_box,
          chequers_serial_rivers_micro_c, st_stairs_5, uniq_terence
D:3:      cheibrodos_old_hovel, layout_rooms, serial_shops, shop,
          minmay_misc_feat_five, uniq_natasha, uniq_grinder

Skill      XL: |  1  2  3  4 |
---------------+-------------+-----
Dodging        | 2 3 |  3.0
Bows           | 4 |  4.4
Fighting       | 3 |  3.4
Stealth        | |  0.8

Action                   |  1- 3 |  4- 6 || total
-------------------------+-------+-------++-------
 Fire: Shortbow          |   105 |    69 ||   174
  Use: Scroll            |     5 |       ||     5
       Potion            |     2 |     1 ||     3
Armor: Leather armour    |    10 |     5 ||    15
Dodge: Dodged            |    27 |    10 ||    37

Table legend: (Time is in decaauts)
 A = Elapsed time spent in this place.
 B = Non-inter-level travel time spent in this place.
 C = Inter-level travel time spent in this place.
 D = Time resting spent in this place.
 E = Time spent auto-exploring this place.
 F = Levels seen in this place.
 G = Mean time per level.
                   A        B        C        D        E       F      G
               +--------+--------+--------+--------+--------+-----+--------+
         Total |   2018 |   1969 |     49 |    100 |   1528 |   3 |  672.7 |
       Dungeon |   2018 |   1969 |     49 |    100 |   1528 |   3 |  672.7 |
               +--------+--------+--------+--------+--------+-----+--------+

Top non-repeatable levels by time:
     D:2: 1022 daAuts
     D:1: 921 daAuts
     D:3: 74 daAuts
